[Event "Titled Tuesday Blitz July 11 Late 2023"]
[White "Rodriguez Fontecha, Marcos"]
[Black "Vakhlamov, Igor L."]
[WhiteFideId "2256576"]
[BlackFideId "24126748"]
[WhiteElo "2425"]
[BlackElo "2774"]
[Result "0-1"]
[Round "1"]
[TimeControl "180+2"]
[Date "2023.07.11"]
[WhiteClock "0:00:05"]
[BlackClock "0:00:55"]
[Board "69"]

1. e4 c5 2. Nc3 e6 3. g3 d5 4. Bg2 dxe4 5. Nxe4 Nc6 6. d3 Be7 7. Ne2 Bd7 8. Be3 b6 9. O-O Nf6 10. N2c3 O-O 11. Bf4 Rc8 12. Nd6 Bxd6 13. Bxd6 Re8 14. Re1 Nd4 15. Be5 Bc6 16. Ne4 Nxe4 17. dxe4 f6 18. Bf4 e5 19. Be3 Qe7 20. c3 Ne6 21. Qb3 Kh8 22. Rad1 Rcd8 23. Rxd8 Rxd8 24. Rd1 Rxd1+ 25. Qxd1 Nc7 26. Qd3 Qd7 27. Qxd7 Bxd7 28. Kf1 Kg8 29. Ke2 Bb5+ 30. Kd2 Kf7 31. f4 Bc4 32. a3 h6 33. Bh3 Ke7 34. Bc8 Nb5 35. Bf2 Nd6 36. Bf5 Be6 37. fxe5 fxe5 38. Bh7 Kf7 39. h4 g6 40. h5 gxh5 41. b4 c4 42. a4 Kg7 43. Bf5 Bxf5 44. exf5 Nxf5 45. a5 bxa5 46. bxa5 a6 47. Ke2 Kf6 48. Kf3 Ke6 49. Ke4 Nd6+ 50. Kf3 Kd5 51. Be3 Ne4 52. Bxh6 Nxc3 53. Ke3 Ne4 54. Kf3 c3 55. Bc1 Kd4 56. Ba3 Kd3 57. Bc1 c2 58. Bh6 Nd2+ 0-1


[Site "https://www.chess.com"]

[Event "Titled Tuesday Blitz July 11 Late 2023"]
[White "Rozman, Levy"]
[Black "Romero Ruscalleda, Josep"]
[WhiteFideId "2039877"]
[BlackFideId "2231859"]
[WhiteElo "2772"]
[BlackElo "2424"]
[Result "0-1"]
[Round "1"]
[TimeControl "180+2"]
[Date "2023.07.11"]
[WhiteClock "0:00:00"]
[BlackClock "0:00:44"]
[Board "70"]

1. e4 g6 2. d4 Bg7 3. Nf3 d6 4. c4 Nc6 5. Nc3 Bg4 6. Be3 e5 7. d5 Nd4 8. Be2 Nxe2 9. Qxe2 f5 10. h3 Bxf3 11. Qxf3 Ne7 12. O-O-O O-O 13. h4 a6 14. h5 f4 15. Bd2 g5 16. h6 Bf6 17. g3 Kh8 18. Kb1 Qd7 19. g4 b5 20. Qe2 bxc4 21. f3 c6 22. Qxc4 cxd5 23. exd5 Rfc8 24. Qd3 Rab8 25. Ne4 Ng8 26. Rc1 Qb5 27. Qxb5 Rxc1+ 28. Rxc1 axb5 29. Rc6 Be7 30. Rc7 Re8 31. Bb4 Nxh6 32. Bxd6 Bxd6 33. Nxd6 Rd8 34. Rc6 Kg7 35. Kc2 Nf7 36. Nf5+ Kf8 37. d6 Ke8 38. Kb3 Kd7 39. Rc7+ Ke6 40. Re7+ Kf6 41. Rb7 Nxd6 42. Rb6 Ke6 43. Kb4 Kd5 44. Nxd6 Rxd6 45. Rxb5+ Kd4 46. a4 h5 47. gxh5 g4 48. fxg4 f3 49. Rb8 Rf6 50. Rd8+ Ke3 51. g5 f2 52. Rd1 Rf5 53. h6 Rxg5 54. a5 Rh5 55. a6 Rxh6 56. Kb5 Rh8 57. b4 Ke2 58. Ra1 e4 59. Ra2+ Kf3 60. Ra1 e3 61. Kb6 e2 62. b5 e1=Q 0-1


[Site "https://www.chess.com"]

[Event "Titled Tuesday Blitz July 11 Late 2023"]
[White "Andrews, Todd"]
[Black "Priasmoro, Novendra"]
[WhiteFideId "2012456"]
[BlackFideId "7105029"]
[WhiteElo "2424"]
[BlackElo "2768"]
[Result "1-0"]
[Round "1"]
[TimeControl "180+2"]
[Date "2023.07.11"]
[WhiteClock "0:01:36"]
[BlackClock "0:00:47"]
[Board "71"]

1. e4 c5 2. Nf3 Nc6 3. d3 g6 4. g3 Bg7 5. Bg2 e5 6. O-O Nge7 7. Nc3 O-O 8. Nd2 d6 9. Nc4 Be6 10. a4 f5 11. Nd5 h6 12. a5 Kh7 13. c3 Qd7 14. Qc2 Rf7 15. a6 b5 16. Ncb6 axb6 17. Nxb6 Qa7 18. Nxa8 Qxa8 19. exf5 Bxf5 20. Qb3 Rf8 21. Qxb5 Rb8 22. Qc4 Qa7 23. b4 Rd8 24. Be3 Qc7 25. b5 Na7 26. b6 Qxb6 27. Rfb1 1-0


[Site "https://www.chess.com"]

[Event "Titled Tuesday Blitz July 11 Late 2023"]
[White "Martin Barcelo, Carles"]
[Black "Leitao, Rafael"]
[WhiteFideId "24561444"]
[BlackFideId "2101246"]
[WhiteElo "2422"]
[BlackElo "2758"]
[Result "1/2-1/2"]
[Round "1"]
[TimeControl "180+2"]
[Date "2023.07.11"]
[WhiteClock "0:00:20"]
[BlackClock "0:00:17"]
[Board "73"]

1. e4 e5 2. Nf3 Nc6 3. Nc3 Nf6 4. h3 g6 5. Bc4 Bg7 6. d3 d6 7. O-O O-O 8. Re1 Be6 9. Be3 Qd7 10. Bxe6 fxe6 11. d4 exd4 12. Nxd4 Nxd4 13. Bxd4 e5 14. Be3 Rf7 15. Bg5 Raf8 16. Bxf6 Bxf6 17. Qg4 Qxg4 18. hxg4 Bd8 19. Re2 c6 20. a4 Bb6 21. Nd1 Rf4 22. a5 Bc5 23. c3 a6 24. b4 Ba7 25. g3 Rxg4 26. Kg2 Rg5 27. Ne3 Bxe3 28. Rxe3 Kf7 29. Rd1 Ke7 30. Red3 Rd8 31. c4 Ke6 32. f3 Rh5 33. b5 cxb5 34. cxb5 axb5 35. Rb1 Rc8 36. Rd2 Rc5 37. Rbd1 Rc6 38. Rb1 Rc5 39. Rbd1 Rc6 40. Rb1 Rc5 1/2-1/2


[Site "https://www.chess.com"]

[Event "Titled Tuesday Blitz July 11 Late 2023"]
[White "Fantastic_Power"]
[Black "Kaplan, Avi Harrison"]
[BlackFideId "30934559"]
[WhiteElo "2756"]
[BlackElo "2420"]
[Result "0-1"]
[Round "1"]
[TimeControl "180+2"]
[Date "2023.07.11"]
[WhiteClock "0:00:04"]
[BlackClock "0:00:07"]
[Board "74"]

1. e4 e6 2. d4 c5 3. d5 exd5 4. exd5 d6 5. c4 Nf6 6. Nc3 g6 7. Bd3 Bg7 8. Nf3 O-O 9. O-O Na6 10. h3 Nc7 11. Bf4 b5 12. cxb5 Nfxd5 13. Nxd5 Nxd5 14. Be4 Nxf4 15. Bxa8 Bxh3 16. gxh3 Qxa8 17. Kh2 Qc8 18. Ng1 Be5 19. Qg4 f5 20. Qf3 g5 21. Qc6 Qe6 22. Rae1 g4 23. Kh1 gxh3 24. Re3 Rf6 25. Nxh3 Rh6 26. Rg1+ Ng6 27. f4 Kg7 28. fxe5 f4 29. Qxd6 Rxh3+ 30. Kg2 Qxd6 31. exd6 Rxe3 32. Rd1 Re8 33. d7 Rd8 34. Kf3 Ne5+ 35. Kxf4 Rxd7 36. Rg1+ Ng6+ 37. Ke4 Rd2 38. Rb1 Rd4+ 39. Ke3 Rb4 40. b3 Rxb5 41. Kd3 Rb4 42. a3 c4+ 43. Kc3 Rxb3+ 44. Rxb3 cxb3 45. Kxb3 h5 0-1


[Site "https://www.chess.com"]

[Event "Titled Tuesday Blitz July 11 Late 2023"]
[White "Mikhalsky, Vladimir"]
[Black "Nasuta, Grzegorz"]
[WhiteFideId "14144352"]
[BlackFideId "1141686"]
[WhiteElo "2417"]
[BlackElo "2755"]
[Result "1-0"]
[Round "1"]
[TimeControl "180+2"]
[Date "2023.07.11"]
[WhiteClock "0:00:02"]
[BlackClock "0:00:00"]
[Board "75"]

1. d4 d5 2. c4 e6 3. Nf3 c6 4. g3 dxc4 5. Bg2 b5 6. O-O Bb7 7. a4 Nd7 8. b3 cxb3 9. Qxb3 b4 10. a5 c5 11. Bd2 Bd5 12. Qa4 Nf6 13. dxc5 Bxc5 14. Bxb4 O-O 15. Nc3 Bxb4 16. Qxb4 Bc6 17. Rfd1 Qb8 18. Qa3 Rc8 19. Nd4 Bxg2 20. Kxg2 Qb7+ 21. f3 Ne5 22. a6 Qb6 23. Ncb5 Nc4 24. Qb3 Nd5 25. Kh1 Rab8 26. e4 Nde3 27. Rdc1 e5 28. Nf5 Nxf5 29. Rxc4 Rxc4 30. Qxc4 Ne3 31. Qd3 Qxb5 32. Qxe3 h6 33. Qxa7 Rd8 34. Qe3 Qb2 35. Qc1 Qf2 36. Qf1 Qa7 37. Qg1 Qa8 38. a7 Qb7 39. Kg2 Ra8 40. Kh1 Kh7 41. Qf2 Qb3 42. Kg2 Qc3 43. Qa2 Qd3 44. Kf2 Kg8 45. Kg2 Kh7 46. h4 h5 47. Kf2 Kg8 48. Rb1 Kh7 49. Ra1 Kg8 50. Kg2 g6 51. Qa6 Qd4 52. Ra2 1-0


[Site "https://www.chess.com"]

[Event "Titled Tuesday Blitz July 11 Late 2023"]
[White "Llorente Zaro, Alfonso"]
[Black "Melikhov, Evgeny V."]
[WhiteFideId "2254131"]
[BlackFideId "4122046"]
[WhiteElo "2752"]
[BlackElo "2417"]
[Result "1-0"]
[Round "1"]
[TimeControl "180+2"]
[Date "2023.07.11"]
[WhiteClock "0:01:27"]
[BlackClock "0:01:04"]
[Board "76"]

1. e4 e5 2. Nf3 Nc6 3. Bc4 Nf6 4. d3 Be7 5. a4 a5 6. O-O d6 7. h3 O-O 8. Nc3 Be6 9. Re1 Qd7 10. Be3 Bd8 11. Bb5 Qe8 12. d4 exd4 13. Nxd4 Bd7 14. Qd2 Nxd4 15. Bxd4 Bxb5 16. Nxb5 Qe6 17. Ra3 c6 18. Bxf6 cxb5 19. Bxd8 b4 20. Rd3 Rfxd8 21. e5 d5 22. f4 Qc6 23. b3 Rac8 24. Re2 g6 25. Kh2 b5 26. axb5 Qxb5 27. f5 d4 28. Qh6 Qc5 29. e6 fxe6 30. fxg6 Qf8 31. Qxh7# 1-0


[Site "https://www.chess.com"]

[Event "Titled Tuesday Blitz July 11 Late 2023"]
[White "Haitin, Ilja"]
[Black "Yanchenko, Roman"]
[WhiteFideId "4501764"]
[BlackFideId "4137329"]
[WhiteElo "2414"]
[BlackElo "2750"]
[Result "0-1"]
[Round "1"]
[TimeControl "180+2"]
[Date "2023.07.11"]
[WhiteClock "0:00:00"]
[BlackClock "0:00:26"]
[Board "77"]

1. Nf3 d5 2. e3 Nf6 3. b3 Bf5 4. Bb2 e6 5. Nh4 Be4 6. d3 Bg6 7. Nxg6 hxg6 8. g3 c5 9. Bg2 Nc6 10. O-O Qc7 11. c4 dxc4 12. dxc4 Rd8 13. Qe2 Bd6 14. Nc3 a6 15. Rad1 O-O 16. f4 Be7 17. g4 Rxd1 18. Rxd1 Rd8 19. h3 Rd7 20. Rxd7 Qxd7 21. Qd1 Qc8 22. Kf2 Bd8 23. Bf3 Ba5 24. Ne4 Nxe4+ 25. Bxe4 Qc7 26. Bf3 b5 27. Qd3 b4 28. Qe4 Ne7 29. Qa8+ Qd8 30. Qxd8+ Bxd8 31. Bb7 a5 32. Be5 Bb6 33. Bd6 Kf8 34. h4 Ke8 35. Be5 f6 36. Bb2 Kd7 37. Be4 Bd8 38. Kf3 Kd6 39. Bb1 Kd7 40. h5 gxh5 41. gxh5 Nc6 42. Be4 Na7 43. Bh7 Nc8 44. e4 Nb6 45. f5 e5 46. Bg8 a4 47. Bc1 a3 48. Be3 Be7 49. Kg4 Na4 50. Be6+ Kd8 51. h6 gxh6 52. Bc1 Nc3 0-1


[Site "https://www.chess.com"]

[Event "Titled Tuesday Blitz July 11 Late 2023"]
[White "Oro, Faustino"]
[Black "i_like_explosions"]
[WhiteFideId "20000197"]
[WhiteElo "2746"]
[BlackElo "2412"]
[Result "1/2-1/2"]
[Round "1"]
[TimeControl "180+2"]
[Date "2023.07.11"]
[WhiteClock "0:00:04"]
[BlackClock "0:00:23"]
[Board "78"]

1. e4 c5 2. Nf3 Nc6 3. Bb5 e6 4. O-O Nge7 5. c3 a6 6. Ba4 b5 7. Bc2 d5 8. d4 cxd4 9. Nxd4 Nxd4 10. Qxd4 Bb7 11. exd5 Nxd5 12. Rd1 Qf6 13. Qg4 Be7 14. Nd2 O-O 15. Nf3 h6 16. h4 Rfd8 17. Qe4 Bc5 18. Qh7+ Kf8 19. Bd2 Nf4 20. Be4 Bxe4 21. Qxe4 Nd5 22. Rac1 Kg8 23. b3 Rac8 24. c4 bxc4 25. bxc4 Nb6 26. Qb7 Qb2 27. Qxa6 Ra8 28. Qb5 Qxb5 29. cxb5 Rdc8 30. Ra1 Ba3 31. Rab1 Rc2 32. Be3 Nd5 33. b6 Rb8 34. Bd4 Bc5 35. Bxc5 Rxc5 36. b7 Rc7 37. Ne5 Rcxb7 38. Rxb7 Rxb7 39. Rd2 f6 40. Nc4 Rc7 41. Nb2 Kf7 42. Kf1 Ra7 43. Nd3 Ke7 44. Nc5 Kd6 45. Nb3 e5 46. Ke2 Ke6 47. Ke1 Nb4 48. Nc5+ Ke7 49. a4 Nc6 50. Rb2 Nd4 51. Rb7+ Rxb7 52. Nxb7 Kd7 53. Kd2 Kc7 54. Nc5 Kd6 55. Ne4+ Kd5 56. Nc3+ Kc4 57. a5 Nc6 58. a6 Kc5 59. Ne4+ Kb6 60. Nd6 Kxa6 61. Ne8 Kb6 62. Nxg7 Kc5 63. Nf5 h5 64. Ng7 Kd4 65. Nxh5 f5 66. Ng7 f4 67. h5 Ne7 68. h6 Ng6 69. h7 e4 70. Ne6+ Ke5 71. Ng5 Nh8 72. Ke2 Kf5 73. Nh3 f3+ 74. gxf3 exf3+ 75. Kxf3 Kg6 76. Kg4 Kxh7 77. f4 Kg7 78. f5 Ng6 79. Kg5 Ne7 80. f6+ Kf7 81. Nf4 Ng8 82. Nd3 Nxf6 1/2-1/2


[Site "https://www.chess.com"]

[Event "Titled Tuesday Blitz July 11 Late 2023"]
[White "Todev, Simeon"]
[Black "Makridis, Dimitrios"]
[WhiteFideId "2925133"]
[BlackFideId "25864475"]
[WhiteElo "2412"]
[BlackElo "2745"]
[Result "1-0"]
[Round "1"]
[TimeControl "180+2"]
[Date "2023.07.11"]
[WhiteClock "0:01:39"]
[BlackClock "0:00:00"]
[Board "79"]

1. e4 Nf6 2. Nc3 d5 3. exd5 Nxd5 4. Nf3 c5 5. d4 Nxc3 6. bxc3 g6 7. Be3 Bg7 8. Bc4 O-O 9. h4 Qc7 10. Bd3 cxd4 11. cxd4 Bg4 12. h5 Qc3+ 13. Bd2 Bxf3 14. Bxc3 Bxd1 15. Rxd1 Nc6 16. Be4 Rac8 17. hxg6 hxg6 18. Ke2 Rfd8 19. d5 Ne5 20. Rh3 Ng4 21. Bxg7 Kxg7 22. Rdh1 Nf6 23. f3 Nxd5 24. Rh7+ 1-0


[Site "https://www.chess.com"]

[Event "Titled Tuesday Blitz July 11 Late 2023"]
[White "Riehle, Marco"]
[Black "Salazar Farias, Luis German"]
[WhiteFideId "12904392"]
[BlackFideId "3902170"]
[WhiteElo "2743"]
[BlackElo "2410"]
[Result "0-1"]
[Round "1"]
[TimeControl "180+2"]
[Date "2023.07.11"]
[WhiteClock "0:00:06"]
[BlackClock "0:00:05"]
[Board "80"]

1. e4 c6 2. c4 d5 3. cxd5 cxd5 4. exd5 Nf6 5. Nc3 Nxd5 6. Nf3 e6 7. d4 Bb4 8. Bd2 O-O 9. Bd3 Nc6 10. O-O h6 11. a3 Bd6 12. Nxd5 exd5 13. h3 Qf6 14. Bc3 Bf5 15. Re1 Rfe8 16. Bxf5 Qxf5 17. Qb3 Qd7 18. Rad1 Rac8 19. Ne5 Bxe5 20. dxe5 d4 21. Qa4 Rcd8 22. f4 Qf5 23. Bd2 h5 24. Qb3 Rd7 25. Qf3 d3 26. Qe4 Nd4 27. Qxf5 Nxf5 28. Kf2 h4 29. Rc1 g6 30. Rc3 Kg7 31. Rec1 Red8 32. Rc7 Kf8 33. Rxd7 Rxd7 34. Rc8+ Kg7 35. Rc3 Kf8 36. b4 Ke7 37. a4 Ke6 38. b5 Rd4 39. a5 Rd5 40. Rb3 Kd7 41. a6 b6 42. Rb4 Ke6 43. Rc4 Kd7 44. Rb4 Nd4 45. g4 hxg3+ 46. Kxg3 Nxb5 47. Kf3 Nc7 48. Ke4 Rb5 49. Rd4+ Ke8 50. Rxd3 Nxa6 51. Ra3 Nc5+ 52. Kd4 a5 53. Be3 Rb3 54. Ra2 Rd3+ 55. Kc4 Rxe3 56. Rb2 Re4+ 57. Kd5 Rxf4 58. Rxb6 Ne6 59. Rb8+ Ke7 60. Rb7+ Kf8 61. Ra7 a4 62. Ra8+ Kg7 63. Kd6 Rh4 64. Ke7 Rxh3 65. Rxa4 Re3 66. Ra5 Ng5 67. Kd6 Nf3 68. Ra1 Rxe5 69. Rf1 Rf5 70. Rd1 g5 71. Rh1 Kg6 72. Rh8 g4 73. Rg8+ Kh5 74. Ke7 Kh4 75. Rh8+ Rh5 76. Kf8 g3 77. Rg8 Rg5 78. Rh8+ Kg4 79. Rh7 g2 80. Rxf7 g1=Q 81. Rd7 Qc5+ 82. Ke8 Re5+ 83. Kf7 Rf5+ 84. Kg6 Nh4+ 85. Kh7 Qc2 86. Kg8 Qc8+ 87. Kg7 Qxd7+ 88. Kh6 Qe6+ 89. Kh7 Rf7+ 0-1


[Site "https://www.chess.com"]

[Event "Titled Tuesday Blitz July 11 Late 2023"]
[White "Lalanne, Pablo"]
[Black "Tanenbaum, Zachary"]
[WhiteFideId "112151"]
[BlackFideId "2060850"]
[WhiteElo "2409"]
[BlackElo "2742"]
[Result "0-1"]
[Round "1"]
[TimeControl "180+2"]
[Date "2023.07.11"]
[WhiteClock "0:00:09"]
[BlackClock "0:00:40"]
[Board "81"]

1. e4 e5 2. Nf3 Nc6 3. Bb5 a6 4. Ba4 d6 5. c4 Bg4 6. h3 Bxf3 7. Qxf3 Nf6 8. Nc3 Be7 9. O-O Nd7 10. Bxc6 bxc6 11. Rd1 O-O 12. d4 exd4 13. Rxd4 Bf6 14. Rd1 Re8 15. Bd2 Rb8 16. b3 Nc5 17. Re1 a5 18. Rad1 Qe7 19. g3 Qe6 20. Kg2 a4 21. Nxa4 Nxa4 22. bxa4 Qxc4 23. a5 Qxa2 24. e5 Rxe5 25. Qxc6 g6 26. Rxe5 Bxe5 27. Qxc7 Rb2 28. Qc8+ Kg7 29. Qc1 Rc2 30. Bh6+ Kg8 31. Qe3 Qxa5 32. Rxd6 Qa8+ 33. Kh2 Bxd6 34. Qd4 Bf8 0-1


[Site "https://www.chess.com"]

[Event "Titled Tuesday Blitz July 11 Late 2023"]
[White "Boruchovsky, Avital"]
[Black "Nikologorsky, Matfei"]
[WhiteFideId "2800055"]
[BlackFideId "24102474"]
[WhiteElo "2739"]
[BlackElo "2409"]
[Result "1-0"]
[Round "1"]
[TimeControl "180+2"]
[Date "2023.07.11"]
[WhiteClock "0:01:45"]
[BlackClock "0:00:15"]
[Board "82"]

1. d4 Nf6 2. Nc3 d5 3. Bf4 a6 4. Nf3 c5 5. dxc5 Nc6 6. Na4 Bg4 7. c3 Bxf3 8. exf3 e5 9. Bg5 h6 10. Bxf6 Qxf6 11. Nb6 Rd8 12. Nxd5 Qg6 13. Nc7+ Ke7 14. Nd5+ Ke8 15. Nc7+ Ke7 16. Qb3 Kd7 17. Qxb7 Rb8 18. O-O-O+ 1-0


[Site "https://www.chess.com"]

[Event "Titled Tuesday Blitz July 11 Late 2023"]
[White "Ncatt"]
[Black "Korchmar, Vasiliy"]
[BlackFideId "24131750"]
[WhiteElo "2408"]
[BlackElo "2721"]
[Result "0-1"]
[Round "1"]
[TimeControl "180+2"]
[Date "2023.07.11"]
[WhiteClock "0:00:14"]
[BlackClock "0:01:19"]
[Board "83"]

1. e4 c5 2. Nf3 d6 3. d4 cxd4 4. Nxd4 Nf6 5. Nc3 Nc6 6. Bg5 Bd7 7. Qd2 a6 8. O-O-O e6 9. f4 Be7 10. Kb1 O-O 11. Nf3 b5 12. Bxf6 Bxf6 13. Qxd6 Bxc3 14. Qxd7 Qb6 15. Qd3 Rfd8 16. Qe2 Bf6 17. e5 Be7 18. g3 Nb4 19. Bg2 Qa5 20. a3 Nd5 21. Nd4 b4 22. Nc6 Qc7 23. Nxd8 bxa3 24. Bxd5 exd5 25. Rxd5 Rb8 26. Rhd1 Rxb2+ 27. Kc1 Qc3 28. Qd3 Rb1+ 29. Kxb1 Qb2# 0-1


[Site "https://www.chess.com"]

[Event "Titled Tuesday Blitz July 11 Late 2023"]
[White "Jaracz, Pawel"]
[Black "Balla, Tamas-Kristof"]
[WhiteFideId "1102222"]
[BlackFideId "1208497"]
[WhiteElo "2719"]
[BlackElo "2406"]
[Result "1-0"]
[Round "1"]
[TimeControl "180+2"]
[Date "2023.07.11"]
[WhiteClock "0:02:29"]
[BlackClock "0:01:34"]
[Board "84"]

1. d4 d5 2. c4 e6 3. Nf3 c5 4. cxd5 exd5 5. e3 Nf6 6. Nc3 Nc6 7. Bb5 Bd6 8. dxc5 Bxc5 9. O-O O-O 10. b3 Bg4 11. Bb2 a6 12. Bxc6 bxc6 13. Rc1 Rc8 14. Ne2 Bd6 15. Qd3 Ne4 16. Ng3 Nxg3 17. hxg3 Re8 18. Qd4 f6 19. Qxg4 1-0


[Site "https://www.chess.com"]

[Event "Titled Tuesday Blitz July 11 Late 2023"]
[White "Prieto Aranguren, Alain"]
[Black "Jarovinsky, Alexey"]
[WhiteFideId "2268906"]
[BlackFideId "14115131"]
[WhiteElo "2406"]
[BlackElo "2717"]
[Result "0-1"]
[Round "1"]
[TimeControl "180+2"]
[Date "2023.07.11"]
[WhiteClock "0:00:25"]
[BlackClock "0:00:20"]
[Board "85"]

1. e4 Nc6 2. Nf3 d6 3. d4 Nf6 4. Nc3 a6 5. Be3 Bg4 6. h3 Bh5 7. Be2 Bg6 8. Bd3 e5 9. O-O Be7 10. d5 Nb8 11. Nh2 Nbd7 12. f4 exf4 13. Bxf4 Nh5 14. Be3 Bg5 15. Qd2 Bxe3+ 16. Qxe3 Ne5 17. Ng4 Nxg4 18. hxg4 Nf6 19. g5 Ng4 20. Qf4 Ne5 21. Rae1 h6 22. gxh6 Rxh6 23. Kf2 Bh5 24. Ke3 Qe7 25. Kd2 O-O-O 26. Kc1 Rdh8 27. Nd1 Rf6 28. Qe3 Rxf1 29. Rxf1 Bxd1 30. Rxd1 Kb8 31. Rf1 Rh5 32. Be2 Qg5 33. Qxg5 Rxg5 34. Rf2 Rg3 35. Kd2 a5 36. a4 Ka7 37. Ke1 Kb6 38. Kf1 Kc5 39. c3 Re3 40. Ke1 Rxe4 41. Kd2 Rxa4 42. Bd3 Rh4 43. g3 Rh3 44. Rg2 Nxd3 45. Kxd3 Kxd5 46. c4+ Kc5 47. Kc3 f6 48. Kd3 f5 49. Ke3 g5 50. Kf3 f4 51. Kg4 Rxg3+ 52. Rxg3 fxg3 53. Kxg3 Kxc4 54. Kg4 Kb3 55. Kxg5 Kxb2 56. Kf4 a4 57. Kf5 a3 58. Ke6 a2 59. Kd7 a1=Q 60. Kxc7 Qa6 61. Kb8 Qc6 62. Ka7 b5 63. Kb8 Qd7 64. Ka8 Kb3 65. Kb8 Kb4 0-1


[Site "https://www.chess.com"]

[Event "Titled Tuesday Blitz July 11 Late 2023"]
[White "Nazari, Arad"]
[Black "Guzman Moneo, Alberto"]
[WhiteFideId "12577324"]
[BlackFideId "2209616"]
[WhiteElo "2716"]
[BlackElo "2405"]
[Result "1-0"]
[Round "1"]
[TimeControl "180+2"]
[Date "2023.07.11"]
[WhiteClock "0:00:09"]
[BlackClock "0:00:00"]
[Board "86"]

1. e4 e6 2. d4 d5 3. Nd2 dxe4 4. Nxe4 Nd7 5. Bd3 Ngf6 6. Nf3 c5 7. dxc5 Nxc5 8. Nxf6+ gxf6 9. Bb5+ Bd7 10. Bxd7+ Qxd7 11. Qe2 Rg8 12. O-O O-O-O 13. b4 Na4 14. Be3 Kb8 15. c4 Bxb4 16. Qc2 Qc6 17. Nh4 Rg4 18. Qxh7 Rdg8 19. f3 R4g7 20. Qh6 f5 21. Kh1 Nc5 22. Bd4 Rg6 23. Nxg6 fxg6 24. Rad1 a5 25. Qh7 Qe8 26. Be5+ Ka8 27. Qc7 Qc8 28. Qxc8+ Rxc8 29. Bd6 Na4 30. Bxb4 axb4 31. Rd4 Nc3 32. Rf2 e5 33. Rh4 f4 34. g3 Rxc4 35. Kg2 Nd1 36. Rd2 Ne3+ 37. Kh3 g5 38. Rh5 Nf1 39. Rf2 Ne3 40. Rxg5 Rc1 41. Rxe5 Nd1 42. Rf1 fxg3 43. Kxg3 Ka7 44. Ree1 Rc2 45. Rxd1 Kb6 46. Rc1 Rxa2 47. Rc4 Kb5 48. Rf4 b6 49. Rb1 Ra4 50. h4 Ka5 51. h5 b3 52. Rxa4+ Kxa4 53. h6 1-0


[Site "https://www.chess.com"]

[Event "Titled Tuesday Blitz July 11 Late 2023"]
[White "Wizard_of_Odds"]
[Black "Weetik, Vjacheslav"]
[BlackFideId "4153472"]
[WhiteElo "2399"]
[BlackElo "2715"]
[Result "0-1"]
[Round "1"]
[TimeControl "180+2"]
[Date "2023.07.11"]
[WhiteClock "0:00:00"]
[BlackClock "0:01:01"]
[Board "87"]

1. d4 Nf6 2. c4 g6 3. Nc3 Bg7 4. e4 d6 5. Be2 O-O 6. Nf3 e5 7. d5 a5 8. Be3 Ng4 9. Bg5 f6 10. Bh4 Na6 11. Nd2 Nh6 12. O-O Qe8 13. f3 f5 14. a3 Bd7 15. b3 Nf7 16. Bf2 Bh6 17. Qc2 Qe7 18. Rab1 Nc5 19. b4 axb4 20. axb4 Na4 21. Ra1 Nxc3 22. Qxc3 Rxa1 23. Rxa1 Ng5 24. Bd3 Nh3+ 25. gxh3 Qg5+ 26. Kh1 Qxd2 27. Qxd2 Bxd2 28. Ra7 Rb8 29. b5 fxe4 30. Bxe4 Bxh3 31. b6 cxb6 32. Bxb6 Rc8 33. Bd3 Bf5 34. Be2 e4 35. Kg2 h5 36. h3 exf3+ 37. Bxf3 Rxc4 38. Rxb7 Rc2 39. Rb8+ Kf7 40. Rb7+ Ke8 41. Bd1 Rb2 42. Ba4+ Kf8 43. Rb8+ Kf7 44. Be8+ Ke7 45. Bd8+ Kxe8 46. Rxb2 Bc3 47. Rb3 Be5 48. Rb8 Be4+ 49. Kf2 Kd7 0-1


[Site "https://www.chess.com"]

[Event "Titled Tuesday Blitz July 11 Late 2023"]
[White "Haydon, David L"]
[Black "Toktomushev, Teimur"]
[WhiteFideId "415405"]
[BlackFideId "14176726"]
[WhiteElo "2714"]
[BlackElo "2398"]
[Result "1-0"]
[Round "1"]
[TimeControl "180+2"]
[Date "2023.07.11"]
[WhiteClock "0:00:50"]
[BlackClock "0:00:00"]
[Board "88"]

1. d4 d5 2. Nf3 Nf6 3. c4 e6 4. e3 Be7 5. Bd3 O-O 6. O-O b6 7. Nc3 Bb7 8. Qc2 h6 9. e4 dxe4 10. Nxe4 Nbd7 11. Rd1 c5 12. dxc5 Nxe4 13. Bxe4 Bxe4 14. Qxe4 Nxc5 15. Qe2 Qc7 16. b3 Rfd8 17. Bb2 Qf4 18. Bd4 Bf6 19. Bxf6 Qxf6 20. Ne5 Qf4 21. b4 Ne4 22. Nd3 Qf5 23. Rac1 Rd4 24. f3 Nf6 25. c5 bxc5 26. bxc5 Rad8 27. c6 Nd5 28. Nf2 Rxd1+ 29. Rxd1 Rc8 30. Qa6 Nb6 31. Qxa7 Rxc6 32. Qb7 Qb5 33. h4 g6 34. Rd8+ Kg7 35. Qb8 Rc1+ 36. Kh2 Qf5 37. Rg8+ Kf6 38. Ne4+ 1-0


[Site "https://www.chess.com"]

[Event "Titled Tuesday Blitz July 11 Late 2023"]
[White "Seletsky, Grigory"]
[Black "Basso, Pier Luigi"]
[WhiteFideId "14112191"]
[BlackFideId "866970"]
[WhiteElo "2395"]
[BlackElo "2714"]
[Result "1-0"]
[Round "1"]
[TimeControl "180+2"]
[Date "2023.07.11"]
[WhiteClock "0:00:06"]
[BlackClock "0:01:03"]
[Board "89"]

1. e4 c6 2. d4 d5 3. Nd2 dxe4 4. Nxe4 Nf6 5. Ng3 g6 6. h3 Bg7 7. Nf3 O-O 8. Bc4 Nbd7 9. O-O b6 10. Re1 Bb7 11. Qe2 e6 12. c3 c5 13. Bd2 Re8 14. Rad1 Qc7 15. Bd3 Rad8 16. Ne4 Nxe4 17. Bxe4 Bxe4 18. Qxe4 cxd4 19. Nxd4 Nc5 20. Qe2 Bxd4 21. cxd4 Rxd4 22. Bc3 Rxd1 23. Rxd1 e5 24. f4 e4 25. Qd2 Nd3 26. f5 Qc5+ 27. Kh2 Qxf5 28. Kg1 e3 29. Qxd3 Qf2+ 30. Kh2 e2 31. Re1 h6 32. Qd4 Qxd4 33. Bxd4 g5 34. Kg3 Kh7 35. Kf2 Rd8 36. Bc3 Kg6 37. Rxe2 Rd7 38. a4 h5 39. a5 bxa5 40. Re5 h4 41. Rxa5 f5 42. Ra6+ Kh5 43. Rf6 Rd5 44. Ke3 f4+ 45. Ke4 Rd1 46. Ra6 Rg1 47. Kf3 Rf1+ 48. Ke2 Rg1 49. Kf2 Rc1 50. Rxa7 Rc2+ 51. Kf3 Rc1 52. Rd7 Rf1+ 53. Ke2 Rc1 54. Kf2 Rc2+ 55. Rd2 Rc1 56. Ke2 Rg1 57. Kd3 g4 58. hxg4+ Kxg4 59. Bd4 Rb1 60. Kc4 Kg3 61. b4 Rc1+ 62. Kd5 Rb1 63. Bc5 f3 64. gxf3 h3 65. Bd6+ Kxf3 66. Kc6 Rc1+ 67. Kd7 Rb1 68. Rh2 Kg4 69. Kc6 Rc1+ 70. Kd7 Rb1 71. Rc2 Rb3 72. Kc6 Rb1 73. b5 Rg1 74. b6 Rg2 75. Rxg2+ hxg2 76. Bc5 Kf4 77. b7 Kg4 78. b8=Q Kh3 79. Qf8 g1=Q 80. Bxg1 Kg2 81. Bd4 Kh1 82. Qf5 Kg2 83. Bg7 Kh1 84. Qf3+ Kh2 85. Qg4 Kh1 86. Bd4 Kh2 87. Kd5 Kh1 88. Qg1# 1-0


[Site "https://www.chess.com"]

[Event "Titled Tuesday Blitz July 11 Late 2023"]
[White "Jaferian, Koosha"]
[Black "dodoucb"]
[WhiteFideId "12507440"]
[WhiteElo "2713"]
[BlackElo "2395"]
[Result "1-0"]
[Round "1"]
[TimeControl "180+2"]
[Date "2023.07.11"]
[WhiteClock "0:00:45"]
[BlackClock "0:00:00"]
[Board "90"]

1. e4 c6 2. d4 d5 3. exd5 cxd5 4. Bd3 Nf6 5. c3 Bg4 6. Qb3 Qd7 7. Nd2 Nc6 8. Ngf3 e6 9. O-O Bd6 10. h3 Bh5 11. Re1 Qc7 12. Bb5 Nd7 13. Nh4 O-O 14. Bd3 Nf6 15. Be2 Bxe2 16. Rxe2 Rfe8 17. Nhf3 e5 18. dxe5 Nxe5 19. Nxe5 Bxe5 20. Qd1 Bh2+ 21. Kh1 Rxe2 22. Qxe2 Re8 23. Qf1 Bd6 24. Nf3 Ne4 25. Be3 h6 26. Re1 a6 27. Bd4 Bc5 28. Bxc5 Qxc5 29. Nd4 Re7 30. Kg1 b5 31. a3 Nd2 32. Rxe7 Nxf1 33. Re8+ Kh7 34. Kxf1 Qc4+ 35. Re2 Qd3 36. f3 a5 37. Kf2 b4 38. axb4 axb4 39. Rc2 bxc3 40. bxc3 Qd1 41. Re2 Qd3 42. Re3 Qd2+ 43. Ne2 f5 44. g3 Qd1 45. Re5 Qd3 46. Re3 Qd2 47. Re5 Qd3 48. Re3 Qd2 49. h4 Kh8 50. h5 Kh7 51. Re8 Qd1 52. Nf4 Qd2+ 53. Kg1 1-0


[Site "https://www.chess.com"]